 Dungeon Crawl Stone Soup version 0.30.0-29-ga12c61a403 (webtiles) character file.

Game seed: 717523650652879724

1105 boopmooplesden the Poker (level 8, -2/103 HPs)
             Began as a Yellow Draconian Berserker on June 23, 2023.
             Was a Priest of Trog.
             Slain by an ice beast (4 damage)
             ... on level 6 of the Dungeon.
             The game lasted 00:06:02 (4049 turns).

boopmooplesden the Poker (DrBe)                     Turns: 4049, Time: 00:06:02

Health: -2/103     AC:  6    Str: 21    XL:     8   Next: 11%
Magic:  8/8        EV: 13    Int:  9    God:    Trog [***...]
Gold:   313        SH:  0    Dex: 10    Spells: 7/7 levels left

rFire   . . .        a - +2 spear
rCold   . . .        (no shield)
rNeg    + . .        (body armour unavailable)
rPois   .            (helmet restricted)
rElec   .            (no cloak)
rCorr   +            (no gloves)
SInv    .            (no boots)
Will    .....        p - amulet of the acrobat Stlth
                     g - ring of positive energy
HPRegen 0.37/turn    (no ring)
MPRegen 0.11/turn

%: acrobat
@: berserking, slowed
A: spit acid, AC +6, unfitting armour, cold-blooded, acid resistance
a: Breathe Acid, Renounce Religion, Berserk, Trog's Hand


You were on level 6 of the Dungeon.
You worshipped Trog.
Trog was most pleased with you.
You visited 1 branch of the dungeon, and saw 6 of its levels.

You collected 313 gold pieces.

Inventory:

Hand Weapons
 a - a +2 spear (weapon)
Missiles
 k - 5 boomerangs (quivered)
Armour
 e - an orb of energy
Jewellery
 g - a ring of positive energy (left hand)
 p - an amulet of the acrobat (around neck)
Wands
 s - a wand of flame (11)
 u - a wand of quicksilver (3)
Scrolls
 b - 4 scrolls of identify
 d - a scroll of magic mapping
 h - a scroll of enchant weapon
 j - a scroll of enchant armour
 l - a scroll of blinking
 m - a scroll of torment
 q - 2 scrolls of teleportation
Potions
 c - a potion of flight {unknown}
 f - 4 potions of curing
 i - 2 potions of heal wounds {unknown}
 n - a potion of mutation {unknown}
 o - a potion of haste {unknown}
 r - a potion of resistance {unknown}
 t - a potion of cancellation {unknown}


   Skills:
 + Level 5.5 Fighting
 + Level 7.5 Polearms
 + Level 4.9 Dodging
 + Level 2.2 Stealth


You had 7 spell levels left.
You didn't know any spells.
Your spell library was empty.

Dungeon Overview and Level Annotations

Branches:
Dungeon (6/15)             Temple (0/1) D:5

Altars:
Cheibriados
Makhleb
Nemelex Xobeh
Qazlal
Sif Muna

Shops:
D:2 *


Innate Abilities, Weirdness & Mutations

You can spit globs of acid.
Your golden yellow scales are hard. (AC +6)
You cannot fit into any form of body armour.
You are cold-blooded and may be slowed by cold attacks.
You are resistant to acid. (rCorr)


Message History

The bullfrog is severely wounded.
The ice beast closely misses you. The bullfrog closely misses you.
You puncture the bullfrog!
You kill the bullfrog!
Trog accepts your kill. The ice beast hits you. The ice beast freezes you!
You feel yourself slow down. The ice beast completely misses you.
You see here a bullfrog corpse.
You puncture the ice beast!
The ice beast is moderately wounded.
You feel yourself speed up. The ice beast closely misses you.
You hit the ice beast.
The ice beast is heavily wounded.
The ice beast hits you. The ice beast freezes you!
* * * LOW HITPOINT WARNING * * *
You hit the ice beast but do no damage.
Your tail-slap misses the ice beast.
The ice beast is heavily wounded.
The ice beast hits you.
* * * LOW HITPOINT WARNING * * *
The ice beast freezes you.
You feel yourself slow down.
* * * LOW HITPOINT WARNING * * *
You hit the ice beast.
The ice beast is severely wounded.
The ice beast hits you but does no damage.
A red film seems to cover your vision as you go berserk!
You feel yourself moving faster!
You feel mighty!
You feel yourself speed up. The ice beast hits you.
* * * LOW HITPOINT WARNING * * *
The ice beast freezes you.
You feel yourself slow down.
* * * LOW HITPOINT WARNING * * *
Unknown command.
You hit the ice beast. You tail-slap the ice beast.
The ice beast is severely wounded.
The ice beast hits you but does no damage.
You barely miss the ice beast.
The ice beast is severely wounded.
The ice beast hits you.
You die...

...## ...# . ... . ..... ..
.. .## . )... .###.. .###...
##. ..###.....## ..#...
.#..###..#.......## ...... .
.....#............
...#.....#......@..# ....#
...##...##.....Y...##...##
...#.....#.........#.....##.
..............#............#
..#.......#..###..#.......#
.###.....###.....###.....##
..#..###..#)......#..###.#
......#...............## #
.#..†......#.....#.....#


You could see an ice beast.

Vanquished Creatures
  An ogre (D:4)
  A centaur (D:6)
  A phantom (D:5)
  A bullfrog (D:6)
  8 scorpions
  2 howler monkeys (D:5)
  2 orc priests (D:5)
  3 iguanas
  4 adders
  A shadow imp (D:5)
  An ufetubus (D:6)
  2 worms
  A dart slug (D:4)
  6 orcs
  4 ball pythons
  6 bats
  4 endoplasms
  2 giant cockroaches (D:3)
  7 goblins
  10 hobgoblins
  9 jackals
  A quokka (D:3)
  3 frilled lizards
  3 kobolds
  A rat (D:1)
84 creatures vanquished.

Notes
Turn   | Place    | Note
-------+----------+-------------------------------------------
     0 | D:1      | boopmooplesden the Draconian Berserker began the quest for
                  | the Orb.
     0 | D:1      | Reached XP level 1. HP: 19/19 MP: 1/1
   397 | D:2      | Reached XP level 2. HP: 26/26 MP: 2/2
   451 | D:2      | Found a shimmering blue altar of Sif Muna.
   585 | D:2      | Found Muaditosh's General Store.
   656 | D:2      | Reached XP level 3. HP: 33/33 MP: 3/3
  1138 | D:3      | Reached ** piety under Trog
  1139 | D:3      | Found a faded altar of an unknown god.
  1390 | D:3      | Found a snail-covered altar of Cheibriados.
  1904 | D:4      | Reached skill level 4 in Polearms
  1904 | D:4      | Reached XP level 4. HP: 28/40 MP: 4/4
  2033 | D:4      | Noticed an ogre
  2046 | D:4      | Killed an ogre
  2047 | D:4      | Reached XP level 5. HP: 46/46 MP: 5/5
  2077 | D:4      | Found a stormy altar of Qazlal.
  2154 | D:4      | Reached skill level 5 in Polearms
  2284 | D:4      | Reached XP level 6. HP: 25/53 MP: 6/6
  2923 | D:4      | Found a sparkling altar of Nemelex Xobeh.
  2970 | D:5      | Entered Level 5 of the Dungeon
  3040 | D:5      | Reached skill level 1 in Stealth
  3101 | D:5      | Reached skill level 6 in Polearms
  3114 | D:5      | Your scales start taking on a golden yellow colour.
  3114 | D:5      | Reached XP level 7. HP: 50/60 MP: 7/7
  3114 | D:5      | Gained mutation: You are resistant to acid. (rCorr) [Yellow
                  | Draconian growth]
  3142 | D:5      | Found a staircase to the Ecumenical Temple.
  3161 | D:5      | Reached skill level 5 in Fighting
  3653 | D:5      | Found a burning altar of Makhleb.
  3669 | D:5      | Reached *** piety under Trog
  3821 | D:6      | Reached skill level 7 in Polearms
  3922 | D:6      | Reached XP level 8. HP: 69/69 MP: 8/8
  4047 | D:6      | HP: 1/103 [ice beast (5)]
  4049 | D:6      | Slain by an ice beast

Illustrated notes

Levels and vault maps discovered:
D:1:      minmay_arrival_four_circles, layout_rooms
D:2:      layout_rooms, serial_bayou, serial_bayou_ford_a,
          serial_bayou_lagoon_b, serial_bayou_pond_a, serial_bayou_lagoon_a,
          basic_altar, serial_shops, shop, nicolae_figureground_pulse
D:3:      layout_basic, mainiacjoe_overflow_24_doors, basic_ecumenical_altar,
          minivault_4
D:4:      layout_loops_ring, nicolae_qazlal_scattered_showers,
          nemelex_dance_club_becter
D:5:      layout_rooms, lightli_temple_of_fire,
          minmay_temple_entry_proselytizer, roderic_roman_lattice
D:6:      nicolae_cairo_tiling_large_dashed, layout_loops_ring

Skill      XL: |  1  2  3  4  5  6  7 |
---------------+----------------------+-----
Dodging        | 3 4 |  4.9
Polearms       | 4 5 6 7 |  7.5
Fighting       | 4 5 |  5.5
Stealth        | 1 2 |  2.2

Action                     |  1- 3 |  4- 6 |  7- 9 || total
---------------------------+-------+-------+-------++-------
  Melee: Spear             |   136 |   129 |   139 ||   404
         Tailslap          |    14 |    15 |    21 ||    50
         Punch             |       |     1 |     1 ||     2
 Invoke: Berserk           |       |     2 |     1 ||     3
Ability: Breathe Acid      |       |       |     1 ||     1
    Use: Scroll            |     9 |       |     1 ||    10
   Stab: Sleeping          |       |     1 |     1 ||     2
 Armour: Skin              |    43 |    26 |    37 ||   106
  Dodge: Dodged            |   113 |    79 |    99 ||   291
